 Dungeon Crawl Stone Soup version 0.19.1-1-g22dce08 (webtiles) character file.

254 galech the Ruffian (level 5, -1/53 HPs)
             Began as a Troll Monk on Dec 31, 2016.
             Slain by a gnoll
             ... wielding a +0 flail
              (4 damage)
             ... on level 2 of the Dungeon.
             The game lasted 00:02:30 (1057 turns).

galech the Ruffian (Troll Monk)                     Turns: 1057, Time: 00:02:31

Health: -1/53      AC:  6    Str: 20    XL:     5   Next: 90%
Magic:  4/4        EV: 11    Int:  6    God:
Gold:   50         SH:  0    Dex: 10    Spells: 0 memorised, 4 levels left

rFire  . . .     SeeInvis .       - Unarmed
rCold  . . .     Gourm    +     a - +0 robe
rNeg   . . .     Faith    .     (no shield)
rPois  .         Spirit   .     (helmet restricted)
rElec  .         Reflect  .     h - +0 cloak
rCorr  .         Harm     .     (gloves unavailable)
MR     .....                    (boots unavailable)
Stlth  +.........               (no amulet)
                                (no ring)
                                d - -2 ring of dexterity (curse)

@: no status effects
A: unfitting armour, claws 3, fast metabolism 3, gourmand, regeneration 1,
shaggy fur 1, tough skin 2
a: no special abilities


You were on level 2 of the Dungeon.
You were completely stuffed.

You visited 1 branch of the dungeon, and saw 2 of its levels.

You collected 50 gold pieces.

Inventory:

Armour
 a - a +0 robe (worn)
 h - a +0 cloak (worn)
Jewellery
 d - a cursed -2 ring of dexterity (left claw)
Scrolls
 c - a scroll of remove curse {unknown}
 e - 2 scrolls of fear {unknown}
 g - a scroll of noise {unknown}
 k - 4 scrolls of identify {unknown}
Potions
 i - a potion of degeneration {unknown}
 j - a potion of berserk rage {unknown}
Comestibles
 b - 3 bread rations
 f - a meat ration
 l - 5 chunks of flesh


   Skills:
 + Level 3.5 Fighting
 + Level 3.9 Dodging
 - Level 1.1 Stealth
 + Level 4.4 Unarmed Combat


You had 4 spell levels left.
You didn't know any spells.

Dungeon Overview and Level Annotations

Branches:
Dungeon (2/15)

Altars:
Ru
The Shining One


Innate Abilities, Weirdness & Mutations

You are too large for most types of armour.
You have claws for hands.
Your metabolism is lightning-fast.
You like to eat raw meat.
Your natural rate of healing is unusually fast.
You are covered in fur. (AC +1)
You have very tough skin. (AC +2)


Message History

You barely miss the gnoll.
The gnoll is heavily wounded.
The gnoll closely misses you. The gnoll misses you.
You barely miss the gnoll.
The gnoll is heavily wounded.
The gnoll hits you with a spear.
The gnoll hits you from afar with a halberd!
You scratch the gnoll. You claw the gnoll.
You kill the gnoll!
Things that are here:
a spear; a gnoll corpse You scratch the gnoll.
The gnoll is moderately wounded.
The gnoll hits you with a halberd.
You claw the gnoll!
The gnoll is almost dead.
The gnoll hits you with a halberd!
* * * LOW HITPOINT WARNING * * *
The gnoll hits you with a flail.
You die...

#.#...........
##........# .#
#.#.......## .#
..##..###..# .#
#.####.#.#.######.# #.#
##.........#.# #.#
####.####.#.# #.# #.#
##.#g# #.###### #.#
#..@g#
#.##...###.###...####.#
#.#.........##...>....#
..#..#######....>######
.#..#..≈≈≈..#........$..
...#..≈...≈..#.#########
..#...≈._.≈...#.#
.#.#..≈...≈..#.##
....#..≈≈≈..#.##


You could see 2 gnolls.

Vanquished Creatures
  Sigmund (D:2)
  Jessica (D:2)
  A gnoll (D:2)
  An adder (D:2)
  An ooze (D:1)
  A worm (D:2)
  A leopard gecko (D:2)
  3 giant cockroaches
  5 goblins
  5 hobgoblins
  2 ball pythons
  6 bats
  A frilled lizard (D:2)
  4 kobolds (D:1)
  4 rats
  A plant (D:1)
38 creatures vanquished.

Notes
Turn   | Place    | Note
-------+----------+-------------------------------------------
     0 | D:1      | galech the Troll Monk began the quest for the Orb.
     0 | D:1      | Reached XP level 1. HP: 22/22 MP: 0/0
    79 | D:1      | Reached XP level 2. HP: 24/29 MP: 1/1
   692 | D:2      | Reached XP level 3. HP: 19/36 MP: 2/2
   792 | D:2      | Noticed Sigmund
   804 | D:2      | Killed Sigmund
   804 | D:2      | Reached skill level 4 in Unarmed Combat
   804 | D:2      | Reached XP level 4. HP: 27/45 MP: 3/3
   804 | D:2      | Reached XP level 5. HP: 32/53 MP: 4/4
   840 | D:2      | Noticed Jessica
   844 | D:2      | Killed Jessica
   854 | D:2      | Found a glowing golden altar of the Shining One.
   944 | D:2      | Found a sacrificial altar of Ru.
  1057 | D:2      | Slain by a gnoll

Skill      XL: |  1  2  3 |
---------------+----------+-----
Dodging        | 3 |  3.9
Fighting       | 3 |  3.5
Unarmed Combat | 4 |  4.4
Stealth        | |  1.1

Action                   |  1- 3 |  4- 6 || total
-------------------------+-------+-------++-------
Melee: Unarmed           |    82 |    28 ||   110
       Punch             |     2 |     1 ||     3
 Stab: Sleeping          |     4 |     1 ||     5
  Eat: Chunk             |    11 |     4 ||    15
Armor: Robe              |    15 |     6 ||    21
Dodge: Dodged            |    37 |    13 ||    50
